 Dungeon Crawl Stone Soup version 0.31-a0-187-gba352fbbf7 (webtiles) character file.

Game seed: 17390495417503870307

3764 qw the Markself (level 9, -1/52 HPs)
             Began as a Deep Elf Hunter on June 22, 2023.
             Was an Initiate of Okawaru.
             Slain by a yak (11 damage)
             ... on level 7 of the Dungeon.
             The game lasted 00:03:09 (5804 turns).

qw the Markself (Deep Elf Hunter)                   Turns: 5804, Time: 00:03:10

Health: -1/52      AC:  6    Str: 11 (12) XL:     9   Next: 94%
Magic:  11/13      EV: 16    Int: 14 (15) God:    Okawaru [......]
Gold:   227        SH:  5    Dex: 18      Spells: 8/8 levels left

rFire   . . .        Y - +6 shortbow
rCold   . . .        (shield currently unavailable)
rNeg    . . .        g - +0 ring mail
rPois   .            (no helmet)
rElec   .            j - scarf {repulsion}
rCorr   .            (no gloves)
SInv    .            (no boots)
Will    .....        b - amulet of reflection
Stlth   +++          (no ring)
HPRegen 0.28/turn    (no ring)
MPRegen 0.13/turn

%: repel missiles, reflection
@: lethally poisoned (-1 -> -8), about to teleport, heroic
A: no striking features
a: Renounce Religion


You were on level 7 of the Dungeon.
You worshipped Okawaru.
Okawaru was noncommittal.
You visited 2 branches of the dungeon, and saw 8 of its levels.

You collected 407 gold pieces.
You spent 180 gold pieces at shops.


   Skills:
 - Level 4.0(9.0) Fighting
 - Level 19.1(24.1) Ranged Weapons
 - Level 1.3(6.3) Armour
 + Level 5.8(10.8) Dodging
 - Level 1.2(6.2) Stealth
 - Level 3.6 Invocations


You had 8 spell levels left.
You didn't know any spells.
Your spell library was empty.

Inventory:

Hand Weapons
 Y - a +6 shortbow (weapon)
Armour
 g - a +0 ring mail (worn)
 i - a +0 cloak
 j - a scarf of repulsion (worn)
Jewellery
 b - an amulet of reflection (around neck)
 f - a ring of ice
Wands
 e - a wand of digging (9)
Scrolls
 a - 2 scrolls of identify
 c - a scroll of teleportation
Potions
 d - 4 potions of curing
 h - a potion of might
 l - 4 potions of enlightenment
 m - a potion of mutation

Dungeon Overview and Level Annotations

Branches:
Dungeon (7/15)             Temple (1/1) D:5

Altars:
Ashenzari
Dithmenos
Fedhas
Gozag
Hepliaklqana
Kikubaaqudgha
Makhleb
Nemelex Xobeh
Okawaru
Qazlal
Trog
Uskayaw
Vehumet
Wu Jian
Xom
Yredelemnul

Shops:
D:4 !

Annotations:
D:4 exclusion: 2 gnolls


Message History

The water moccasin bites you.
You are poisoned.
The water moccasin poisons you!
You shoot an arrow. The arrow hits the water moccasin!
The water moccasin is almost dead.
You feel very sick. The water moccasin closely misses you.
You shoot an arrow. The arrow misses the water moccasin.
The arrow barely misses the yak.
You feel sick. The water moccasin barely misses you.
You shoot an arrow.
The arrow closely misses the water moccasin.
The arrow hits the yak!
The yak is heavily wounded.
You feel sick. The water moccasin bites you.
You are more poisoned.
The water moccasin poisons you! You block the water moccasin's attack.
You shoot an arrow. The arrow hits the water moccasin!
You kill the water moccasin!
Okawaru accepts your kill.
You feel very sick.
5801 ||| INVOKING Heroism.
You gain the combat prowess of a mighty hero.
You can no longer gain great but temporary skills.
You feel very sick. The yak closely misses you.
You shoot an arrow. The arrow hits the yak.
The yak is heavily wounded.
You feel very sick. The yak gores you! The yak barely misses you.
The yak gores you but does no damage. You block the yak's attack.
You shoot an arrow. The arrow barely misses the yak.
You feel sick. You block the yak's attack. The yak closely misses you.
The yak completely misses you. The yak barely misses you. The yak misses you.
5804 ||| READING 2 scrolls of teleportation.
As you read the scroll of teleportation, it crumbles to dust.
You feel strangely unstable.
You feel very sick. You block the yak's attack. The yak gores you.
The yak gores you!
You die...

........#
.......#
......#####
.........#
#........#
#........#
#.YYY....#
#.Y@Y....#
#........#
#........#
#........#
####...%....#
.......<#####
#########


You could see 5 yaks.

Vanquished Creatures
  Sigmund (D:6)
  2 water moccasins
  2 orc warriors (D:6)
  An ice beast (D:6)
  A black bear (D:5)
  2 ogres (D:5)
  2 kobold brigands
  A gnoll sergeant (D:6)
  5 scorpions
  A wight (D:6)
  3 howler monkeys (D:4)
  2 jellies
  An orc priest (D:4)
  5 hounds
  8 iguanas
  3 gnoll boudas
  34 gnolls
  3 adders
  A white imp (D:6)
  3 ufetubi
  2 worms
  2 dart slugs
  16 orcs
  7 endoplasms
  2 giant cockroaches
  3 goblins
  5 hobgoblins
  17 jackals
  10 kobolds
  6 quokkas
  6 ball pythons
  4 bats (D:1)
  5 frilled lizards
  4 rats
170 creatures vanquished.

Notes
Turn   | Place    | Note
-------+----------+-------------------------------------------
     0 | D:1      | qw the Deep Elf Hunter began the quest for the Orb.
     0 | D:1      | Reached XP level 1. HP: 12/12 MP: 3/3
     0 | D:1      | 0 ||| qw: Version: 0.3-a-9-g12657ce
     0 | D:1      | 0 ||| qw: Game counter: 2128
     0 | D:1      | 0 ||| qw: Always use a shield: true
     0 | D:1      | 0 ||| qw: God list: Okawaru
     0 | D:1      | 0 ||| qw: Allow faded altars: false
     0 | D:1      | 0 ||| qw: Do Orc after D:15 true
     0 | D:1      | 0 ||| qw: Do second Lair branch before Depths: true
     0 | D:1      | 0 ||| qw: Lair rune preference: random
     0 | D:1      | 0 ||| qw: Plans: Normal
     0 | D:1      | 0 ||| PLANNING D:1-11
    88 | D:1      | Reached XP level 2. HP: 14/16 MP: 4/4
   101 | D:1      | Reached skill level 6 in Ranged Weapons
   738 | D:1      | 738 ||| READING 2 scrolls labelled ARIELEFICYIB.
   739 | D:1      | 739 ||| READING scroll labelled IDUGOS SULO.
   740 | D:1      | 740 ||| READING scroll labelled PUSTIN ZECLITO.
   741 | D:1      | 741 ||| READING scroll labelled IDOERI EKAT.
   742 | D:1      | 742 ||| READING scroll labelled FIETUT MARACO.
   743 | D:1      | 743 ||| DROPPING scroll of butterflies.
   754 | D:2      | You fall into a shaft and drop 1 floor!
   788 | D:2      | Reached XP level 3. HP: 20/20 MP: 5/5
   923 | D:2      | Reached skill level 7 in Ranged Weapons
  1102 | D:2      | 1102 ||| READING 2 scrolls of enchant weapon.
  1102 | D:2      | 1102 ||| ENCHANTING +1 shortbow.
  1103 | D:2      | 1103 ||| READING scroll of enchant weapon.
  1103 | D:2      | 1103 ||| ENCHANTING +2 shortbow.
  1507 | D:2      | 1507 ||| UPGRADING to scarf of repulsion.
  1512 | D:2      | 1512 ||| READING scroll labelled GIEDOT QAIDDYI.
  1513 | D:2      | 1513 ||| READING scroll labelled QALLULUZUST.
  1514 | D:2      | 1514 ||| READING scroll labelled DAGEJO NONGEI.
  1515 | D:2      | 1515 ||| READING 3 scrolls of identify.
  1515 | D:2      | 1515 ||| IDENTIFYING golden potion
  1516 | D:2      | 1516 ||| READING 2 scrolls of identify.
  1516 | D:2      | 1516 ||| IDENTIFYING smoky white potion
  1517 | D:2      | 1517 ||| DROPPING potion of berserk rage.
  1564 | D:3      | Found a faded altar of an unknown god.
  1780 | D:3      | Found a shimmering altar of Xom.
  1793 | D:3      | Reached XP level 4. HP: 25/25 MP: 6/6
  1847 | D:3      | 1847 ||| READING scroll of enchant weapon.
  1847 | D:3      | 1847 ||| ENCHANTING +3 shortbow.
  2196 | D:3      | Found an ornate altar of the Wu Jian Council.
  2277 | D:3      | 2277 ||| UPGRADING to +0 ring mail.
  2287 | D:3      | 2287 ||| DROPPING +0 leather armour.
  2288 | D:3      | 2288 ||| UPGRADING to amulet of reflection.
  2293 | D:3      | 2293 ||| READING scroll labelled VIMAM QEZOR.
  2294 | D:3      | 2294 ||| DRINKING 3 fizzy silvery potions.
  2295 | D:3      | 2295 ||| READING 2 scrolls of identify.
  2295 | D:3      | 2295 ||| IDENTIFYING glowing coppery potion
  2296 | D:3      | 2296 ||| DROPPING potion of magic.
  2348 | D:4      | 2348 ||| FLEEEEING.
  2349 | D:4      | 2349 ||| FLEEEEING.
  2357 | D:4      | 2357 ||| FLEEEEING.
  2358 | D:4      | 2358 ||| FLEEEEING.
  2359 | D:4      | 2359 ||| FLEEEEING.
  2360 | D:4      | 2360 ||| FLEEEEING.
  2361 | D:4      | 2361 ||| FLEEEEING.
  2362 | D:4      | 2362 ||| FLEEEEING.
  2365 | D:4      | 2365 ||| STAIRDANCE
  2396 | D:4      | Reached skill level 8 in Ranged Weapons
  2591 | D:4      | 2591 ||| READING 3 scrolls labelled JEREOTAURU.
  2591 | D:4      | HP: 3/25 [gnoll/+0 spear (7)]
  2592 | D:4      | 2592 ||| DRINKING potion of heal wounds.
  2607 | D:4      | Reached XP level 5. HP: 24/29 MP: 7/7
  2627 | D:4      | Reached skill level 9 in Ranged Weapons
  2646 | D:4      | Reached XP level 6. HP: 17/35 MP: 8/8
  2770 | D:4      | Reached skill level 10 in Ranged Weapons
  2892 | D:4      | Reached skill level 3 in Dodging
  3045 | D:4      | Reached XP level 7. HP: 38/40 MP: 9/9
  3121 | D:4      | 3121 ||| READING scroll of enchant weapon.
  3121 | D:4      | 3121 ||| ENCHANTING +4 shortbow.
  3218 | D:4      | 3218 ||| Stepping ~*~*~tactically~*~*~ (outnumbered).
  3221 | D:4      | Reached skill level 11 in Ranged Weapons
  3288 | D:4      | Found Cateps's Distillery.
  3292 | D:4      | 3292 ||| BUYING potion of curing (30 gold).
  3292 | D:4      | Bought a potion of curing for 30 gold pieces
  3292 | D:4      | 3292 ||| BUYING potion of curing (30 gold).
  3292 | D:4      | Bought a potion of curing for 30 gold pieces
  3292 | D:4      | 3292 ||| BUYING potion of curing (30 gold).
  3292 | D:4      | Bought a potion of curing for 30 gold pieces
  3292 | D:4      | 3292 ||| BUYING potion of heal wounds (50 gold).
  3292 | D:4      | Bought a potion of heal wounds for 50 gold pieces
  3292 | D:4      | 3292 ||| BUYING potion of might (40 gold).
  3292 | D:4      | Bought a potion of might for 40 gold pieces
  3390 | D:5      | Entered Level 5 of the Dungeon
  3393 | D:5      | Found an ancient bone altar of Kikubaaqudgha.
  3444 | D:5      | Reached skill level 12 in Ranged Weapons
  3460 | D:5      | Reached skill level 1 in Armour
  3480 | D:5      | Found a hide-covered altar of Uskayaw.
  3606 | D:5      | Found a staircase to the Ecumenical Temple.
  3607 | D:5      | 3607 ||| PLANNING TEMPLE
  3615 | Temple   | Entered the Ecumenical Temple
  3674 | Temple   | 3674 ||| PLANNING OKAWARU WORSHIP
  3766 | Temple   | Became a worshipper of Warmaster Okawaru
  3767 | Temple   | 3767 ||| PLANNING D:1-11
  3793 | D:5      | Reached XP level 8. HP: 15/45 MP: 10/10
  3794 | D:5      | HP: 9/45 [gnoll bouda/+0 whip (6)]
  3795 | D:5      | 3795 ||| READING 2 scrolls of teleportation.
  3796 | D:5      | 3796 ||| DRINKING potion of heal wounds.
  3963 | D:5      | Reached skill level 3 in Fighting
  4272 | D:5      | Found a sparkling altar of Nemelex Xobeh.
  4422 | D:5      | 4422 ||| READING 3 scrolls of identify.
  4422 | D:5      | 4422 ||| IDENTIFYING fuming brown potion
  4423 | D:5      | 4423 ||| DRINKING potion of experience.
  4423 | D:5      | Reached skill level 19 in Ranged Weapons
  4423 | D:5      | Reached XP level 9. HP: 51/51 MP: 11/11
  4424 | D:5      | 4424 ||| READING 2 scrolls of identify.
  4424 | D:5      | 4424 ||| IDENTIFYING glowing brown potion
  4441 | D:6      | Noticed Sigmund
  4444 | D:6      | 4444 ||| STAIRDANCE
  4540 | D:6      | Killed Sigmund
  4540 | D:6      | Reached * piety under Okawaru
  4585 | D:6      | 4585 ||| FLEEEEING.
  4586 | D:6      | 4586 ||| FLEEEEING.
  4589 | D:6      | 4589 ||| FLEEEEING.
  4590 | D:6      | 4590 ||| FLEEEEING.
  4591 | D:6      | 4591 ||| FLEEEEING.
  4592 | D:6      | 4592 ||| FLEEEEING.
  4594 | D:6      | 4594 ||| FLEEEEING.
  4595 | D:6      | 4595 ||| FLEEEEING.
  4596 | D:6      | 4596 ||| FLEEEEING.
  4597 | D:6      | 4597 ||| FLEEEEING.
  4682 | D:6      | 4682 ||| READING scroll of enchant weapon.
  4682 | D:6      | 4682 ||| ENCHANTING +5 shortbow.
  4703 | D:6      | Reached skill level 1 in Invocations
  4720 | D:6      | 4720 ||| Stepping ~*~*~tactically~*~*~ (outnumbered).
  4733 | D:6      | 4733 ||| DRINKING 2 pink potions.
  4734 | D:6      | 4734 ||| DROPPING potion of degeneration.
  4981 | D:5      | 4981 ||| Stepping randomly (stuck).
  5274 | D:6      | Found a radiant altar of Vehumet.
  5277 | D:6      | 5277 ||| INVOKING Heroism.
  5301 | D:6      | 5301 ||| INVOKING Heroism.
  5659 | D:6      | Found a bloodstained altar of Trog.
  5660 | D:6      | 5660 ||| INVOKING Heroism.
  5667 | D:6      | Reached skill level 3 in Invocations
  5749 | D:6      | 5749 ||| DROPPING amulet of regeneration.
  5750 | D:6      | 5750 ||| DROPPING ring of flight.
  5751 | D:6      | 5751 ||| READING 3 scrolls of identify.
  5751 | D:6      | 5751 ||| IDENTIFYING sedimented clear potion
  5752 | D:6      | 5752 ||| DROPPING potion of attraction.
  5771 | D:7      | 5771 ||| INVOKING Heroism.
  5801 | D:7      | 5801 ||| INVOKING Heroism.
  5803 | D:7      | HP: 13/52 [poisoned by a water moccasin]
  5804 | D:7      | 5804 ||| READING 2 scrolls of teleportation.
  5804 | D:7      | Slain by a yak

Levels and vault maps discovered:
D:1:      mrwooster_arrival_statue_3, layout_basic
D:2:      layout_basic
D:3:      minmay_general_purpose_star, layout_loops_ring, xom_teletrap_fun,
          nicolae_overflow_crystal_walls, ebering_ecumenical_altar_ruins,
          grunt_ministairs_12
D:4:      lemuel_castle_with_subvaults [lemuel_castle_interior_carwin_3],
          layout_basic, serial_shops, nicolae_shop_back_alley_shop,
          kennysheep_big_empty_room
D:5:      layout_basic, mainiacjoe_overflow_tiny_flanked,
          nicolae_overflow_hidden_temple, mainiacjoe_overflow_alcove_4,
          minmay_temple_entry_glass
D:6:      layout_basic, trog_butcher_becter, chequers_serial_rivers_small_3,
          minmay_ruined_shrine, uniq_sigmund
D:7:      layout_basic, chequers_temple_overflow_statue_of_worship,
          gammafunk_ghost_necromancy, nicolae_eternal_life
Temple:   hellmonk_temple_flake

Skill      XL: |  1  2  3  4  5  6  7  8  9 |
---------------+----------------------------+-----
Ranged Weapons | 6 7 8 9 10 12 19 | 19.1
Fighting       | 2 3 4 |  4.0
Dodging        | 3 4 5 |  5.8
Armour         | 1 |  1.3
Invocations    | 3 |  3.6
Stealth        | |  1.2

Action                     |  1- 3 |  4- 6 |  7- 9 || total
---------------------------+-------+-------+-------++-------
   Fire: Shortbow          |   119 |   161 |   269 ||   549
 Invoke: Heroism           |       |       |     5 ||     5
    Use: Scroll            |    12 |     4 |     7 ||    23
         Potion            |       |     2 |     3 ||     5
 Armour: Leather armour    |    15 |     1 |       ||    16
         Ring mail         |       |     6 |    13 ||    19
  Dodge: Dodged            |    31 |    21 |    48 ||   100
         Repelled          |       |     1 |     2 ||     3
  Block: Other             |       |     8 |    21 ||    29

Table legend:
 A = Non-vault XP
 B = Vault XP
 C = Vault XP percentage of total XP
 D = Non-vault monster count
 E = Vault monster count
 F = Vault count percentage of total count
                 A         B        C        D         E       F
            +---------+---------+-------+---------+---------+-------
      Total |    1989 |    1712 |  46.3 |     111 |      59 |  34.7
            +---------+---------+-------+---------+---------+-------
        D:1 |      39 |       0 |   0.0 |      24 |       0 |   0.0
        D:2 |      36 |       0 |   0.0 |      13 |       0 |   0.0
        D:3 |      25 |      12 |  32.4 |      11 |       6 |  35.3
        D:4 |     122 |     648 |  84.2 |      15 |      42 |  73.7
        D:5 |    1004 |       0 |   0.0 |      28 |       0 |   0.0
        D:6 |     522 |    1052 |  66.8 |      17 |      11 |  39.3
        D:7 |     241 |       0 |   0.0 |       3 |       0 |   0.0
            +---------+---------+-------+---------+---------+-------
